AoeStats
← El Cardo

MegaRandom

508326698Analyzed
2v2 RM · 10d ago on Sep 21, 2026· 24m 46s· 4 players
Game mode
Random Map
Map size
Medium (4 player)
Population
200
Speed
Normal
Resources
Standard
Victory
Conquest
Starting age
Dark Age
Ending age
Imperial Age
RankedLock teamsTeams togetherTeam positionsShared explorationLock speedFull tech treeHidden civsTurbo modeCheats
Victory
Defeat
🇦🇷 Mongols · Argentina
1028
+13
🇦🇷 Persians · Argentina
1024
+13
🇺🇸 Teutons · United States
979
-14
🇦🇷 Maya · Argentina
929
-12
Chelo Salas
3:46 Loom
10:01 Feudal Age
11:51 Town Watch
14:37 Fletching
15:38 Fishing Lines
21:04 Castle Age
22:02 Double-Bit Axe
22:39 Town Watch
miltiades0490
6:04 Loom
10:21 Feudal Age
14:44 Castle Age
13:35 Man-at-Arms
14:03 Arson
14:38 Double-Bit Axe
16:27 Bow Saw
16:44 Horse Collar
16:55 Long Swordsman
17:37 Scale Mail Armor
18:02 Heavy Plow
18:10 Gambesons
21:56 Elite Skirmisher
22:40 Padded Archer Armor
22:31 Fletching
24:42 Bodkin Arrow
El Cardo
2:19 Loom
9:18 Feudal Age
10:57 Wheelbarrow
15:20 Castle Age
13:15 Gold Mining
14:25 Fletching
14:37 Double-Bit Axe
22:55 Ballistics
emidz
3:34 Loom
11:26 Feudal Age
12:13 Double-Bit Axe
16:48 Castle Age
17:39 Bow Saw
19:25 Bloodlines
24:40 Town Watch
Connection lost

Rejoining the realm…

Still unreachable

The connection could not be restored.

Session expired

The server has moved on; the page needs a fresh start.